 Dungeon Crawl Stone Soup version 0.30-a0-728-gc68057be0a (webtiles) character file.

Game seed: 8905341796682721411

21 warriortoast the Trooper (level 2, -1/25 HPs)
             Began as a Barachi Fighter on Jan 30, 2023.
             Frozen to death by an endoplasm (5 damage)
             ... on level 2 of the Dungeon.
             The game lasted 00:00:59 (550 turns).

warriortoast the Trooper (Barachi Fighter)           Turns: 550, Time: 00:01:00

Health: -1/25      AC:  8    Str: 17    XL:     2   Next: 87%
Magic:  2/2        EV:  9    Int:  8    God:
Gold:   40         SH:  4    Dex: 11    Spells: 1/1 levels left

rFire   . . .      SeeInvis .    a - +0 war axe
rCold   . . .      Faith    .    c - +0 buckler
rNeg    . . .      Spirit   .    b - +0 scale mail
rPois   .          Reflect  .    (no helmet)
rElec   .          Harm     .    (no cloak)
rCorr   .          Rampage  .    e - +0 pair of gloves
Will    .....                    (no boots) Stlth
                                 (no amulet)
HPRegen 0.24/turn                (no ring)
MPRegen 0.08/turn                (no ring)

@: slow
A: amphibious, slowness 1, strong legs 1, +LOS
a: Hop


You were on level 2 of the Dungeon.
You visited 1 branch of the dungeon, and saw 2 of its levels.

You collected 40 gold pieces.

Inventory:

Hand Weapons
 a - a +0 war axe (weapon)
Missiles
 g - 6 boomerangs
Armour
 b - a +0 scale mail (worn)
 c - a +0 buckler (worn)
 e - a +0 pair of gloves (worn)
Scrolls
 h - a scroll of identify {unknown}
Potions
 d - a potion of might
 f - 2 potions of degeneration {unknown}
 i - a potion of flight {unknown}


   Skills:
 + Level 4.3 Fighting
 + Level 3.0 Axes
 - Level 3.6 Armour
 - Level 3.2 Shields


You had one spell level left.
You didn't know any spells.
Your spell library was empty.

Dungeon Overview and Level Annotations

Branches:
Dungeon (1/15)

Altars:


Innate Abilities, Weirdness & Mutations

You are amphibious.
You cover ground slowly.
You can hop short distances.
You have an extended range of vision and can be seen from far away.


Message History

You slash the hobgoblin!
You kill the hobgoblin!
Your Axes skill increases to level 3!
You see here a hobgoblin corpse.
You slash the frilled lizard!
You kill the frilled lizard!
The endoplasm freezes you.
You are frozen.
You barely miss the endoplasm. You barely miss the rat.
The endoplasm freezes you.
You are frozen.
You block the rat's attack. The rat bites you. The endoplasm freezes you.
You are frozen.
You hit the endoplasm but do no damage. You hit the rat but do no damage.
The endoplasm freezes you.
You are frozen.
The rat barely misses you.
You hit the endoplasm.
The endoplasm is almost dead.
You closely miss the rat. The endoplasm freezes you.
You are frozen.
The rat barely misses you.
You are too injured to fight recklessly!
You hit the endoplasm but do no damage.
The endoplasm is almost dead.
You slash the rat!
You kill the rat!
The endoplasm barely misses you. The endoplasm freezes you.
You are frozen.
* * * LOW HITPOINT WARNING * * *
You barely miss the endoplasm.
The endoplasm is almost dead.
The endoplasm freezes you.
You are frozen.
* * * LOW HITPOINT WARNING * * *
You barely miss the endoplasm.
The endoplasm is almost dead.
The endoplasm freezes you.
You are frozen.
You die...

######.###....#...#. #.##
... #.###....##.##......
.# #.##................
.#####.##.#######........
..........# ##.#......
#######.### #.........
##......# #.........
#..#############.J......#
#.###...........@.....#
................††..###
#.###.###.....####....#
#.# #.# #.....# .##.# #.#
#.###.....####.. ..
..###.#.)............ .#
####.................. #
#..#.#.....#####.###
#..#.#.....#


You could see an endoplasm.

Vanquished Creatures
  3 ball pythons
  2 bats
  5 goblins
  A hobgoblin (D:2)
  2 jackals (D:2)
  A frilled lizard (D:2)
  2 kobolds
  A rat (D:2)
17 creatures vanquished.

Notes
Turn   | Place    | Note
-------+----------+-------------------------------------------
     0 | D:1      | warriortoast the Barachi Fighter began the quest for the
                  | Orb.
     0 | D:1      | Reached XP level 1. HP: 18/18 MP: 1/1
   300 | D:1      | You fall into a shaft and drop 1 floor!
   308 | D:2      | Reached skill level 4 in Fighting
   308 | D:2      | Reached XP level 2. HP: 24/25 MP: 2/2
   550 | D:2      | Frozen to death by an endoplasm

Illustrated notes

Levels and vault maps discovered:
D:1:      dpeg_arrival_snail, layout_basic
D:2:      layout_basic, hangedman_decor_clover_reticule, mrwooster_statue_mirror

Skill      XL: |  1  2 |
---------------+-------+-----
Fighting       | 4 |  4.3
Axes           | 3 |  3.0
Armour         | |  3.6
Shields        | |  3.2

Action                     || total
---------------------------++-------
  Melee: War axe           ||    56
 Armour: Scale mail        ||    38
  Dodge: Dodged            ||    22
  Block: Buckler           ||    13

Table legend: (Time is in decaauts)
 A = Elapsed time spent in this place.
 B = Non-inter-level travel time spent in this place.
 C = Inter-level travel time spent in this place.
 D = Time resting spent in this place.
 E = Time spent auto-exploring this place.
 F = Levels seen in this place.
 G = Mean time per level.
                   A        B        C        D        E       F      G
               +--------+--------+--------+--------+--------+-----+--------+
         Total |    643 |    624 |     19 |    100 |    360 |   2 |  321.5 |
       Dungeon |    643 |    624 |     19 |    100 |    360 |   2 |  321.5 |
               +--------+--------+--------+--------+--------+-----+--------+

Top non-repeatable levels by time:
     D:1: 339 daAuts
     D:2: 303 daAuts
